 Dungeon Crawl Stone Soup version 0.19.5 (webtiles) character file.

214 greprep the Sneak (level 5, -5/25 HPs)
             Began as a Spriggan Enchanter on May 12, 2017.
             Slain by a killer bee (9 damage)
             ... on level 3 of the Dungeon.
             The game lasted 00:07:57 (4209 turns).

greprep the Sneak (Spriggan Enchanter)              Turns: 4209, Time: 00:07:58

Health: -5/25      AC:  3    Str:  2 (4)  XL:     5   Next: 60%
Magic:  5/11       EV: 19    Int: 16 (17) God:
Gold:   141        SH:  0    Dex: 15 (17) Spells: 2 memorised, 8 levels left

rFire  x . .     SeeInvis +     a - +1 dagger
rCold  + . .     Gourm    .     b - +1 robe
rNeg   . . .     Faith    .     (shield restricted)
rPois  .         Spirit   .     (helmet restricted)
rElec  .         Reflect  .     (no cloak)
rCorr  .         Harm     .     (gloves unavailable)
MR     .....                    (boots unavailable)
Stlth  ++........               (no amulet)
                                n - ring of ice
                                f - ring of loudness (curse)

@: lethally poisoned (-5 -> -8), very quick
A: unfitting armour, see invisible, herbivore 3, speed 3, slow metabolism 2
a: no special abilities


You were on level 3 of the Dungeon.
You were not hungry.

You visited 1 branch of the dungeon, and saw 3 of its levels.

You collected 141 gold pieces.

Inventory:

Hand Weapons
 a - a +1 dagger (weapon)
Armour
 b - a +1 robe (worn)
Jewellery
 f - a cursed ring of loudness (left hand)
 n - a ring of ice (right hand)
Scrolls
 d - a scroll of random uselessness {unknown}
 e - a scroll of amnesia {unknown}
 g - a scroll of magic mapping {unknown}
 h - a scroll of noise {unknown}
 i - a scroll of blinking {unknown}
 k - 3 scrolls of identify {unknown}
 l - 2 scrolls of remove curse {unknown}
Potions
 m - a potion of mutation {unknown}
 p - a potion of heal wounds {unknown}
Books
 c - a book of Maledictions

   Spells                             Type                      Level
   a - Corona                         Hexes                        1
   b - Ensorcelled Hibernation        Hexes/Ice                    2
   c - Confuse                        Hexes                        3
   d - Tukima's Dance                 Hexes                        3
   e - Dazzling Spray                 Conjuration/Hexes            3
Comestibles
 o - 2 bread rations


   Skills:
 * Level 1.2 Fighting
 * Level 2.5 Short Blades
 * Level 1.1 Armour
 + Level 3.6 Dodging
 * Level 6.0 Stealth
 + Level 3.5 Spellcasting
 + Level 4.1 Hexes
 + Level 1.1 Ice Magic


You had 8 spell levels left.
You knew the following spells:

 Your Spells              Type           Power        Failure   Level  Hunger
a - Corona                Hex            ###....      4%          1    None
b - Ensorcelled Hibernat  Hex/Ice        ###...       10%         2    ##.....


Dungeon Overview and Level Annotations

Branches:
Dungeon (3/15)

Altars:
Trog
Uskayaw


Innate Abilities, Weirdness & Mutations

You are very small and have problems with some larger weapons.
You are too small for most types of armour.
You have supernaturally acute eyesight. (SInv)
You are a herbivore.
You cover ground extremely quickly.
You need consume almost no food.


Message History

Press: ? - help, Shift-Dir - straight line, f/p - killer bee
Aim: a killer bee (chance to defeat MR: 56%)
You feel a surge of power!
The killer bee resists with significant effort.
The killer bee barely misses you. The killer bee closely misses you. x2
The quokka closely misses you. The killer bee barely misses you.
You hit the killer bee.
The killer bee is lightly wounded.
The killer bee barely misses you. The killer bee stings you.
The killer bee stings you!
* * * LOW HITPOINT WARNING * * *
The quokka barely misses you. The quokka closely misses you.
* * * LOW HITPOINT WARNING * * *
You feel sick. The killer bee barely misses you.
It was a potion of degeneration.
There was something very wrong with that liquid.
You feel weakened.
You feel dopey.
You feel clumsy. The killer bee misses you. The killer bee stings you!
You die...

#....... ..........#
#.....# ..........#
....... ..........#
#.##### ##........#
......# .(........#
#.###.# ##........#
#...#.# #........#
..#.#.######...ryy.#
.........###....@..#
#.#.#.##.##....##'##
....#.##..#.#..##.#
....#.###.#.#..##.####
....................>#
...######.#.......##.#
..............#.#.##.#
...######.....#.#.##.#
...# ##....#.#.##.#


You could see 2 killer bees and a quokka.

Vanquished Creatures
  A killer bee (D:3)
  An orc priest (D:3)
  7 adders
  An ooze (D:1)
  A worm (D:2)
  2 dart slugs
  2 leopard geckos
  2 orcs (D:3)
  6 giant cockroaches
  6 goblins
  9 hobgoblins
  5 jackals
  7 bats
  3 frilled lizards
  11 kobolds
  6 rats
70 creatures vanquished.

Notes
Turn   | Place    | Note
-------+----------+-------------------------------------------
     0 | D:1      | greprep the Spriggan Enchanter began the quest for the Orb.
     0 | D:1      | Reached XP level 1. HP: 9/9 MP: 5/5
   169 | D:1      | Reached XP level 2. HP: 13/13 MP: 6/6
   173 | D:1      | Learned a level 2 spell: Ensorcelled Hibernation
   633 | D:1      | Reached skill level 5 in Stealth
  1140 | D:1      | Reached XP level 3. HP: 16/16 MP: 5/8
  2097 | D:2      | Reached XP level 4. HP: 21/21 MP: 6/9
  2596 | D:2      | HP: 1/21 [poisoned by an adder]
  3101 | D:2      | Found a bloodstained altar of Trog.
  3113 | D:2      | Found a hide-covered altar of Uskayaw.
  3200 | D:3      | Reached skill level 1 in Fighting
  3725 | D:3      | Reached skill level 1 in Armour
  3725 | D:3      | Reached skill level 1 in Ice Magic
  3725 | D:3      | Reached XP level 5. HP: 16/25 MP: 1/11
  4202 | D:3      | Reached skill level 6 in Stealth
  4209 | D:3      | Slain by a killer bee

Skill      XL: |  1  2  3  4  5 |
---------------+----------------+-----
Stealth        | 5 6 |  6.0
Spellcasting   | 3 |  3.5
Fighting       | 1 |  1.2
Hexes          | 4 |  4.1
Short Blades   | 2 |  2.5
Armour         | 1 |  1.1
Ice Magic      | 1 |  1.1
Dodging        | |  3.6

Action                   |  1- 3 |  4- 6 || total
-------------------------+-------+-------++-------
Melee: Dagger            |   118 |   156 ||   274
 Cast: Ensorcelled Hiber |    22 |    34 ||    56
  Use: Potion            |       |     2 ||     2
 Stab: Sleeping          |    24 |    19 ||    43
       Distracted        |       |     1 ||     1
  Eat: Bread ration      |       |     1 ||     1
Armor: Robe              |    23 |    25 ||    48
Dodge: Dodged            |    95 |   208 ||   303
